 Dungeon Crawl Stone Soup version 0.26-b1-32-g5d43845318 (webtiles) character file.

Game seed: 8148401722473697864

18923 Borgoz the Fighter (level 12, -6/110 HPs)
             Began as a Ghoul Gladiator on Jan 13, 2021.
             Was the Champion of Okawaru.
             Killed by divine providence
             ... invoked by a meliai
              (14 damage)
             ... on level 12 of the Dungeon.
             The game lasted 00:20:21 (17075 turns).

Borgoz the Fighter (Ghoul Gladiator)               Turns: 17075, Time: 00:20:21

Health: -6/110     AC: 18    Str: 30    XL:     12   Next: 63%
Magic:  0/11       EV: 18    Int:  3    God:    Okawaru [******]
Gold:   996        SH:  0    Dex: 16    Spells: 8/11 levels left

rFire    . . .     SeeInvis .   d - +1 great mace (protect)
rCold    + . .     Faith    .   (shield currently unavailable)
rNeg     + + +     Spirit   +   I - +4 ring mail "Xiykan" {Str+3 Dex+4 Stlth-}
rPois    ∞         Reflect  .   c - +0 helmet
rElec    .         Harm     .   s - +2 cloak
rCorr    .         Rampage  .   f - +0 pair of gloves
Will     .....                  H - +0 pair of boots (curse)
Stlth    +.........             n - amulet of guardian spirit
HPRegen  0.00/turn              l - +6 ring of strength
MPRegen  0.12/turn              t - ring of stealth

@: mighty, hasted, very quick
A: claws 1, cold resistance 1, negative energy resistance 3, inhibited
regeneration, torment resistance, unbreathing
a: Renounce Religion, Heroism, Finesse


You were on level 12 of the Dungeon.
You worshipped Okawaru.
Okawaru was exalted by your worship.
You visited 2 branches of the dungeon, and saw 13 of its levels.

You collected 996 gold pieces.

Inventory:

Hand Weapons
 d - a +1 great mace of protection (weapon)
 e - the +7 halberd of the Battered Tales {chaos, rPois MP+9 Dex+2 SInv}
   (You took it off a gnoll on level 4 of the Dungeon)

   Each time it hits an enemy it has a different, random effect.
   It affects your dexterity (+2).
   It protects you from poison.
   It affects your magic capacity (+9).
   It lets you see invisible.
Missiles
 A - a throwing net (quivered)
Armour
 a - a +1 leather armour of cold resistance
 c - a +0 helmet (worn)
 f - a +0 pair of gloves (worn)
 s - a +2 cloak (worn)
 v - the +1 leather armour of Insatiable Hunger {rC++ rN+ rCorr Dex-2}
   (You found it on level 4 of the Dungeon)

   It affects your dexterity (-2).
   It greatly protects you from cold.
   It protects you from negative energy.
   It provides partial protection from all sources of acid and corrosion.
 H - a cursed +0 pair of boots (worn)
 I - the +4 ring mail "Xiykan" (worn) {Str+3 Dex+4 Stlth-}
   (You found it on level 11 of the Dungeon)

   It affects your strength (+3).
   It affects your dexterity (+4).
   It makes you less stealthy.
Jewellery
 l - a +6 ring of strength (left hand)
 n - an amulet of guardian spirit (around neck)
 r - an uncursed amulet of reflection
 t - a ring of stealth (right hand)
 E - an uncursed amulet of the acrobat
 J - an uncursed amulet of faith {unknown}
Wands
 b - a wand of paralysis (14)
 g - a wand of digging (5)
 h - a wand of iceblast (15)
 u - a wand of flame (11)
 B - a wand of disintegration (14)
 F - a wand of acid (2)
Scrolls
 i - 10 scrolls of remove curse
 k - a scroll of enchant armour
 o - 4 scrolls of magic mapping
 p - a scroll of fear
 q - 2 scrolls of teleportation
 w - a scroll of identify
 x - a scroll of summoning
 y - a scroll of blinking
 D - a scroll of enchant weapon {unknown}
Potions
 m - a potion of resistance
 z - a potion of cancellation
 C - a potion of might
 G - a potion of haste


   Skills:
 * Level 11.4 Fighting
 * Level 9.9 Maces & Flails
 - Level 1.7 Throwing
 * Level 9.4 Armour
 * Level 9.9 Dodging


You had 8 spell levels left.
You knew the following spells:

 Your Spells              Type           Power        Failure   Level
a - Confusing Touch       Hex            0%           94%         3

Your spell library contained the following spells:

 Spells                   Type           Power        Failure   Level
 Magic Dart               Conj           0%           63%         1
 Sandblast                Erth           0%           63%         1
 Passwall                 Tmut/Erth      0%           77%         2
 Searing Ray              Conj           0%           77%         2
 Dazzling Flash           Conj/Hex       0%           94%         3
 Gell's Gravitas          Tloc           0%           94%         3
 Stone Arrow              Conj/Erth      0%           94%         3
 Fulminant Prism          Conj/Hex       0%           100%        4
 Iskenderun's Mystic Bla  Conj/Tloc      0%           100%        4
 Petrify                  Tmut/Erth      0%           100%        4
 Bolt of Magma            Conj/Fire/Erth 0%           100%        5
 Iskenderun's Battlesphe  Conj           0%           100%        5
 Lee's Rapid Deconstruct  Erth           0%           100%        5
 Metabolic Englaciation   Hex/Ice        0%           100%        5
 Yara's Violent Unravell  Hex/Tmut       0%           100%        5
 Iron Shot                Conj/Erth      0%           100%        6
 Orb of Destruction       Conj           0%           100%        7
 Spellforged Servitor     Conj/Summ      0%           100%        7


Dungeon Overview and Level Annotations

Branches:
Dungeon (12/15)            Temple (1/1) D:6            Lair (0/6) D:9
    Orc (0/2) D:11

Altars:
Ashenzari
Cheibriados
Dithmenos
Elyvilon
Fedhas
Gozag
Hepliaklqana
Kikubaaqudgha
Makhleb
Nemelex Xobeh
Okawaru
Qazlal
Ru
Sif Muna
Trog
Uskayaw
Vehumet
Wu Jian
Xom
Yredelemnul
Zin
The Shining One

Shops:
D:11 [


Innate Abilities, Weirdness & Mutations

You thrive by killing the living.
You are immune to poison.
You have sharp fingernails.
Your flesh is cold resistant. (rC+)
You are immune to negative energy. (rN+++)
You do not regenerate when monsters are visible.
You are immune to unholy pain and torment.
You can survive without breathing.


Message History

The killer bee closely misses you.
You hear an angry buzzing noise.
You feel yourself speed up.
You hear an angry buzzing noise.
The killer bee stings you.
* * * LOW HITPOINT WARNING * * *
The killer bee closely misses you.
You feel very mighty all of a sudden. The killer bee misses you.
The killer bee closely misses you.
You barely miss the killer bee.
The meliai calls down the wrath of its god upon you.
Something smites you!
* * * LOW HITPOINT WARNING * * *
The killer bee stings you.
* * * LOW HITPOINT WARNING * * *
You completely miss the killer bee. The killer bee completely misses you.
The killer bee closely misses you.
The meliai invokes the aid of its god against you.
Something smites you!
You die...

#........#####........###
#........'..............
#..)†....#####........#
...####### #........#
...# #..y..†..# ...#
#.yyyy...# #.....
###yy.##†# #.....# #y###
.# #.....# #@# y# #.....#
#.# y# #.....# #.# y#
...(..# #.# y# ...... #.#
†# + .....### ### .>.....
.....##### ## # .....#...
..# #


You could see 2 meliai and 6 killer bees.

Vanquished Creatures
  Josephine (D:11)
  Erolcha (D:9)
  2 hydras (D:12)
  Harold (D:7)
  4 two-headed ogres
  Urug (D:10)
  Pikel (D:6)
  2 ugly things
  A cyclops (D:11)
  3 komodo dragons
  A queen bee (D:12)
  A meliai (D:12)
  2 shadows (D:11)
  2 wyverns (D:9)
  4 wraiths (D:11)
  A basilisk (D:9)
  Eustachio (D:4)
  8 yaks
  Menkaure (D:5)
  An acid dragon (D:9)
  The ghost of Raspi the Bolt Thrower, an amateur KoAM (D:4)
  A black bear (D:11)
  2 phantoms (D:11)
  2 orc warriors
  3 ice beasts
  7 sky beasts
  2 ogres
  6 centaurs
  2 big kobolds
  6 bullfrogs
  A gnoll sergeant (D:8)
  6 scorpions
  A troll zombie (D:11)
  25 killer bees
  11 wights
  2 howler monkeys
  2 bullfrog zombies
  A centaur zombie (D:7)
  3 hounds
  2 jellies
  A gnoll shaman (D:4)
  7 orc priests
  4 centaur skeletons
  11 orc wizards
  2 bullfrog skeletons
  2 iguanas (D:5)
  A killer bee zombie (D:7)
  7 worker ants
  5 ogre zombies (D:11)
  2 hound skeletons
  A hound zombie (D:8)
  Robin (D:3)
  16 gnolls
  11 adders
  3 shadow imps
  3 white imps
  An ufetubus (D:5)
  2 oozes
  An adder zombie (D:5)
  An adder skeleton (D:8)
  2 worms
  3 dart slugs (D:1)
  4 leopard geckos
  48 orcs
  9 giant cockroaches
  19 goblins
  15 hobgoblins
  8 jackals
  6 quokkas
  A ball python (D:1)
  8 bats
  2 frilled lizards
  2 goblin skeletons (D:11)
  3 goblin zombies (D:11)
  2 hobgoblin zombies (D:11)
  A jackal skeleton (D:4)
  14 kobolds
  2 orc skeletons (D:11)
  10 orc zombies (D:11)
  12 rats
378 creatures vanquished.

Vanquished Creatures (others)
  4 kobolds (D:11)
  6 plants (D:4)
10 creatures vanquished.

Grand Total: 388 creatures vanquished

Notes
Turn   | Place    | Note
-------+----------+-------------------------------------------
     0 | D:1      | Borgoz the Ghoul Gladiator began the quest for the Orb.
     0 | D:1      | Reached XP level 1. HP: 17/17 MP: 0/0
    99 | D:1      | Reached XP level 2. HP: 23/25 MP: 1/1
   670 | D:1      | Reached skill level 1 in Armour
   670 | D:1      | Reached XP level 3. HP: 21/30 MP: 2/2
  1297 | D:2      | Found a glowing silver altar of Zin.
  1345 | D:2      | Reached skill level 3 in Fighting
  1345 | D:2      | Reached XP level 4. HP: 32/38 MP: 3/3
  2149 | D:2      | Found an iron altar of Okawaru.
  2179 | D:2      | Reached XP level 5. HP: 25/45 MP: 4/4
  2204 | D:2      | Became a worshipper of Warmaster Okawaru
  2550 | D:3      | Noticed Robin
  2747 | D:3      | Killed Robin
  3113 | D:3      | Reached XP level 6. HP: 52/52 MP: 5/5
  3563 | D:4      | Noticed Eustachio
  3609 | D:5      | Entered Level 5 of the Dungeon
  3857 | D:5      | Noticed a sky beast
  3892 | D:5      | Killed a sky beast
  3893 | D:5      | Reached skill level 4 in Fighting
  4032 | D:5      | Noticed an ice beast
  4044 | D:5      | Killed an ice beast
  4044 | D:5      | Reached * piety under Okawaru
  4045 | D:5      | Reached XP level 7. HP: 31/60 MP: 6/6
  4575 | D:5      | Noticed Menkaure
  4587 | D:5      | Killed Menkaure
  5011 | D:5      | Reached skill level 5 in Fighting
  5202 | D:4      | Killed Eustachio
  5203 | D:4      | Reached XP level 8. HP: 41/68 MP: 7/7
  5239 | D:4      | Reached skill level 5 in Dodging
  5423 | D:4      | Reached ** piety under Okawaru
  5485 | D:4      | Found a transporter.
  5486 | D:4      | Found a transporter.
  5489 | D:4      | Noticed Raspi's ghost (amateur KoAM)
  5490 | D:4      | Identified the +7 halberd of the Battered Tales {chaos,
                  | rPois MP+9 Dex+2 SInv}
  5513 | D:4      | Reached skill level 5 in Maces & Flails
  5841 | D:4      | Got a bloodstained leather armour
  5871 | D:4      | Identified the +1 leather armour of Insatiable Hunger {rC++
                  | rN+ rCorr Dex-2} (You found it on level 4 of the Dungeon)
  5942 | D:4      | Paralysed by a gnoll for 2 turns
  6155 | D:4      | Paralysed by a gnoll for 2 turns
  6694 | D:4      | Killed Raspi's ghost
  6938 | D:5      | Found a shadowy altar of Dithmenos.
  6964 | D:5      | Found an ornate altar of the Wu Jian Council.
  7194 | D:6      | Reached skill level 6 in Fighting
  7319 | D:6      | Found a staircase to the Ecumenical Temple.
  7539 | D:6      | Reached XP level 9. HP: 72/77 MP: 8/8
  7564 | D:6      | Found a snail-covered altar of Cheibriados.
  7932 | D:6      | Noticed Pikel
  7954 | D:6      | Killed Pikel
  7954 | D:6      | Reached *** piety under Okawaru
  7955 | D:6      | Reached skill level 5 in Armour
  8267 | Temple   | Entered the Ecumenical Temple
  8528 | D:7      | Found a shimmering altar of Xom.
  8531 | D:7      | Noticed Harold
  8568 | D:7      | Killed Harold
  8569 | D:7      | Reached skill level 7 in Fighting
  8796 | D:7      | Reached **** piety under Okawaru
  8976 | D:7      | Reached XP level 10. HP: 78/88 MP: 9/9
  9401 | D:7      | Reached skill level 8 in Fighting
 11010 | D:9      | Noticed Erolcha
 11022 | D:9      | Killed Erolcha
 11022 | D:9      | Reached ***** piety under Okawaru
 11083 | D:9      | Reached skill level 9 in Fighting
 11705 | D:9      | Found a staircase to the Lair.
 11735 | D:9      | Reached XP level 11. HP: 68/97 MP: 6/10
 12177 | D:9      | Found a bloodstained altar of Trog.
 12179 | D:9      | Found an ancient bone altar of Kikubaaqudgha.
 12378 | D:9      | Found a radiant altar of Vehumet.
 12444 | D:10     | Entered Level 10 of the Dungeon
 12785 | D:10     | Noticed a two-headed ogre
 12801 | D:10     | Killed a two-headed ogre
 13424 | D:10     | Noticed Urug
 13447 | D:10     | Killed Urug
 13447 | D:10     | Received a gift from Okawaru
 14002 | D:11     | Noticed a brown ugly thing
 14013 | D:10     | Killed a brown ugly thing
 14014 | D:10     | Reached skill level 10 in Fighting
 14317 | D:11     | Found a staircase to the Orcish Mines.
 14356 | D:11     | Noticed Josephine
 14365 | D:11     | Killed Josephine
 14372 | D:11     | Noticed a two-headed ogre
 14394 | D:11     | Received a gift from Okawaru
 14398 | D:11     | Killed a two-headed ogre
 14425 | D:11     | Reached XP level 12. HP: 47/108 MP: 7/11
 14662 | D:11     | Noticed a two-headed ogre
 14674 | D:11     | Killed a two-headed ogre
 14679 | D:11     | Found Cigolace's Armour Emporium.
 15404 | D:11     | Reached skill level 11 in Fighting
 15525 | D:11     | Got a scorched ring mail
 15536 | D:11     | Identified the +4 ring mail "Xiykan" {Str+3 Dex+4 Stlth-}
                  | (You found it on level 11 of the Dungeon)
 15786 | D:12     | Noticed a two-headed ogre
 15802 | D:12     | Killed a two-headed ogre
 16016 | D:12     | Learned a level 3 spell: Confusing Touch
 16080 | D:12     | Noticed a six-headed hydra
 16098 | D:12     | Killed a six-headed hydra
 16098 | D:12     | Reached ****** piety under Okawaru
 16748 | D:12     | Found a blossoming altar of Fedhas.
 16816 | D:12     | Noticed a six-headed hydra
 16824 | D:12     | Killed a six-headed hydra
 16824 | D:12     | Received a gift from Okawaru
 17075 | D:12     | Killed from afar by a meliai

Illustrated notes

Levels and vault maps discovered:
D:1:      minmay_arrival_radiant_lines, layout_loops_corners
D:2:      layout_loops_ring, zin_treasury, okawaru_altar_gauntlet_db
D:3:      layout_rooms, uniq_robin
D:4:      minmay_recursive_quarters, layout_loops_cross,
          gammafunk_ghost_gnarly_gnolls, nrook_campfire, minivault_14,
          uniq_eustachio
D:5:      layout_gridville, pdpol_wu_jian_five_deadly_venoms,
          general_overflow_altar, st_stairs_13, uniq_menkaure
D:6:      layout_basic, lemuel_crystal_altar, temple_statues,
          minmay_curled_crystal, corexii_shack, uniq_pikel
D:7:      layout_basic, nicolae_overflow_crystal_walls, uniq_harold
D:8:      layout_basic
D:9:      layout_long_grid, lemuel_coloured_pillars_altar,
          grunt_temple_overflow_open, erik_lair_dragon, uniq_erolcha
D:10:     layout_roguey, uniq_urug
D:11:     layout_big_octagon, zombieorc1_lemuel, serial_shops,
          nicolae_shop_temple_entry_statues_fountains,
          chequers_serial_rivers_room_a, uniq_josephine
D:12:     layout_basic, special_room [special_room_bee], fedhas_altar_3,
          uniq_frances
Temple:   minmay_temple_curvy_branch

Skill      XL: |  1  2  3  4  5  6  7  8  9 10 11 12 |
---------------+-------------------------------------+-----
Dodging        | 3 4 5 6 8 9 |  9.9
Maces & Flails | 3 4 5 6 8 9 |  9.9
Armour         | 1 2 3 4 6 7 8 9 |  9.4
Fighting       | 3 4 5 6 7 9 10 11 | 11.4
Throwing       | |  1.7

Action                   |  1- 3 |  4- 6 |  7- 9 | 10-12 || total
-------------------------+-------+-------+-------+-------++-------
Melee: Flail             |    41 |   280 |   468 |   374 ||  1163
       Mace              |    62 |       |       |       ||    62
       Great mace        |       |       |       |   405 ||   405
Throw: Throwing net      |       |       |     2 |     6 ||     8
Evoke: Wand              |       |       |       |     4 ||     4
  Use: Scroll            |     7 |     6 |     4 |     6 ||    23
       Potion            |       |     1 |     5 |    11 ||    17
 Stab: Distracted        |       |     1 |       |       ||     1
       Invisible         |       |       |     4 |     4 ||     8
       Sleeping          |       |       |     2 |     4 ||     6
       Held in net/web   |       |       |     1 |       ||     1
Armor: Leather armour    |    45 |    85 |       |   261 ||   391
       Ring mail         |       |    35 |   213 |   161 ||   409
Dodge: Dodged            |    85 |   297 |   444 |  1095 ||  1921
Block: Other             |       |    40 |    41 |       ||    81
